 Dungeon Crawl Stone Soup version 0.31-a0-983-g7b6862f502 (webtiles) character file.

Game seed: 11828337009390120999

919 gruber the Cutter (level 8, -4/39 HPs)
             Began as a Vine Stalker Fighter on Nov 2, 2023.
             Slain by a red devil
             ... wielding a +0 demon trident of flaming
             ... summoned by a kobold demonologist
              (5 damage)
             ... on level 5 of the Dungeon.
             The game lasted 00:03:55 (3321 turns).

gruber the Cutter (Vine Stalker Fighter)            Turns: 3321, Time: 00:03:56

Health: -4/39      AC:  5    Str: 18    XL:     8   Next: 9%
Magic:  0/18       EV: 10    Int:  8    God:
Gold:   219        SH:  5    Dex: 17    Spells: 7/7 levels left

rFire   + . .        w - +2 dagger (venom)
rCold   . . .        c - +0 buckler
rNeg    . . .        g - +0 ring mail of the Rhinotaur {rF+ MP+9 Stlth+}
rPois   .            (no helmet)
rElec   .            (no cloak)
rCorr   .            (no gloves)
SInv    .            (no boots)
Will    +....        (no amulet)
Stlth   ++           (no ring)
HPRegen 1.06/turn    (no ring)
MPRegen 0.16/turn

%: guardian spirit
@: spiked
A: fangs 3, regeneration 1, magic shield, antimagic bite, no potion heal 2
a: no special abilities


You were on level 5 of the Dungeon.
You visited 1 branch of the dungeon, and saw 5 of its levels.

You collected 219 gold pieces.

Inventory:

Hand Weapons
 p - a +4 dagger of holy wrath
 v - a +3 double sword
 w - a +2 dagger of venom (weapon)
Missiles
 s - 5 curare-tipped darts
 t - 9 poisoned darts
Armour
 c - a +0 buckler (worn)
 g - the +0 ring mail of the Rhinotaur (worn) {rF+ MP+9 Stlth+}
   (You found it on level 2 of the Dungeon)

   rF+:       It protects you from fire.
   MP+9:      It affects your magic capacity (+9).
   Stlth+:    It makes you more stealthy.
Wands
 A - a wand of flame (20)
Scrolls
 b - 2 scrolls of poison {unknown}
 e - a scroll of fog {unknown}
 h - 3 scrolls of brand weapon {unknown}
 i - a scroll of silence {unknown}
 j - 4 scrolls of identify {unknown}
 k - 3 scrolls of blinking {unknown}
 l - a scroll of torment {unknown}
 m - 3 scrolls of teleportation {unknown}
 q - a scroll of immolation {unknown}
 y - a scroll of amnesia {unknown}
Potions
 a - 2 potions of mutation {unknown}
 d - a potion of might
 f - 4 potions of curing {unknown}
 n - a potion of heal wounds {unknown}
 o - a potion of berserk rage {unknown}
 r - a potion of invisibility {unknown}
 u - a potion of cancellation {unknown}
 x - a potion of lignification {unknown}
 z - a potion of resistance {unknown}


   Skills:
 - Level 2.6 Fighting
 - Level 6.1(7.1) Short Blades
 * Level 5.4(6.8) Long Blades
 - Level 2.4 Armour
 - Level 2.6 Shields


You had 7 spell levels left.
You didn't know any spells.
Your spell library contained the following spells:

 Spells                   Type           Power      Damage    Failure   Level
 Wereblood                Tmut           0%         N/A       83%         2
 Irradiate                Conj/Tmut      0%         3d11      100%        5


Dungeon Overview and Level Annotations

Branches:
Dungeon (5/15)
 Temple: D:4-7

Altars:
Kikubaaqudgha
Ru
Sif Muna
The Shining One

Annotations:
D:2 1 runed translucent door, Crazy Yiuf
D:4 2 transporters, t4s4d4r's ghost, amateur DsFi


Innate Abilities, Weirdness & Mutations

You have razor-sharp teeth.
Your natural rate of healing is unusually fast.
When hurt, damage is shared between your health and your magic reserves.
Your bite disrupts and absorbs the magic of your enemies.
Potions cannot restore your health.


Message History

The kobold demonologist looks as sick as possible!
The kobold demonologist is heavily wounded.
The kobold demonologist hits you with a +0 dagger.
* * * LOW HITPOINT WARNING * * *
You block the red devil's attack.
Unknown command.
Unknown command.
Okay, then.
Unknown command.
Okay, then.
Unknown command.
Unknown command.
Unknown command.
You closely miss the kobold demonologist.
You bite the kobold demonologist.
The kobold demonologist's magic leaks into the air.
You drain its magic.
You feel invigorated.
The kobold demonologist is severely wounded.
The shadow imp barely misses you.
Unknown command.
Unknown command.
Unknown command.
You closely miss the kobold demonologist.
The kobold demonologist is severely wounded.
The kobold demonologist closely misses you.
The red devil hits you with a +0 demon trident of flaming.
* * * LOW HITPOINT WARNING * * *
Barbed spikes become lodged in your body.
The shadow imp hits you.
* * * LOW HITPOINT WARNING * * *
Unknown command.
You closely miss the kobold demonologist.
You bite the kobold demonologist.
The kobold demonologist's magic leaks into the air.
You drain its magic.
You feel invigorated.
The kobold demonologist is almost dead.
The kobold demonologist hits you with a +0 dagger.
* * * LOW HITPOINT WARNING * * *
The red devil hits you with a +0 demon trident of flaming.
You die...

.........##.....".....#.#
#######..#..##.#.#.####.#
#..# #.###### )# ...#
##.#.#.# ....# ##.#.##
...... #####.# .....###
#!5#.##
......##..###K#.$#
.......# #...54@5##
#########


You could see a kobold demonologist (extremely poisoned, magic disrupted), a red
devil (summoned), a white imp (summoned), a shadow imp (summoned) and an
ufetubus (summoned).

Vanquished Creatures
  Sigmund (D:2)
  An ice beast (D:5)
  A black bear (D:5)
  2 ogres (D:4)
  A phantom (D:5)
  A howler monkey (D:5)
  2 jellies
  An iguana (D:4)
  An orc wizard (D:4)
  3 adders
  4 gnolls (D:2)
  A white imp (D:3)
  3 worms
  4 dart slugs
  11 orcs (D:4)
  2 bats
  7 endoplasms
  2 giant cockroaches (D:2)
  9 goblins
  5 hobgoblins
  7 jackals
  5 kobolds
  3 quokkas
  3 ball pythons (D:2)
  3 frilled lizards
  3 goblin skeletons (D:3)
  A hobgoblin zombie (D:3)
  A kobold zombie (D:3)
  2 orc zombies (D:3)
  5 rats
95 creatures vanquished.

Notes
Turn   | Place    | Note
-------+----------+-------------------------------------------
     0 | D:1      | gruber the Vine Stalker Fighter began the quest for the
                  | Orb.
     0 | D:1      | Reached XP level 1. HP: 11/11 MP: 2/2
    47 | D:1      | Reached skill level 2 in Short Blades
   144 | D:1      | You fall into a shaft and drop 1 floor!
   158 | D:2      | Reached XP level 2. HP: 16/16 MP: 3/3
   209 | D:2      | Reached skill level 3 in Short Blades
   219 | D:2      | Identified the +0 ring mail of the Rhinotaur {rF+ MP+9
                  | Stlth+}
   241 | D:2      | Reached XP level 3. HP: 19/19 MP: 2/4
   350 | D:2      | Noticed Sigmund
   370 | D:2      | Killed Sigmund
   371 | D:2      | Reached skill level 5 in Short Blades
   371 | D:2      | Reached XP level 4. HP: 17/23 MP: 5/5
   371 | D:2      | Reached XP level 5. HP: 20/27 MP: 6/6
   534 | D:2      | Reached XP level 6. HP: 14/32 MP: 4/7
  1062 | D:2      | Found a runed translucent door.
  1063 | D:2      | Noticed Crazy Yiuf
  1452 | D:3      | Found a glowing golden altar of the Shining One.
  1585 | D:3      | Found a sacrificial altar of Ru.
  1835 | D:4      | Found a transporter.
  2099 | D:4      | Reached skill level 6 in Short Blades
  2298 | D:4      | Reached skill level 1 in Long Blades
  2347 | D:4      | Reached XP level 7. HP: 35/35 MP: 8/8
  2532 | D:4      | Found a transporter.
  2632 | D:4      | Noticed t4s4d4r's ghost (amateur DsFi)
  2984 | D:5      | Entered Level 5 of the Dungeon
  3102 | D:5      | Found an ancient bone altar of Kikubaaqudgha.
  3146 | D:5      | Found a shimmering blue altar of Sif Muna.
  3215 | D:5      | Reached skill level 5 in Long Blades
  3215 | D:5      | Gained mutation: You have razor-sharp teeth. [Vine Stalker
                  | growth]
  3215 | D:5      | Reached XP level 8. HP: 25/39 MP: 9/9
  3307 | D:5      | Noticed a kobold demonologist
  3309 | D:5      | Noticed a red devil
  3320 | D:5      | HP: 1/39 [shadow imp[a kobold demonologist] (1)]
  3321 | D:5      | Slain by a red devil

Illustrated notes

Levels and vault maps discovered:
D:1:      saegor_arrival_miasma, layout_rooms, hangedman_decor_growths,
          minivault_26
D:2:      layout_rooms, uniq_sigmund, uniq_crazy_yiuf_cottage
D:3:      layout_basic, nicolae_ru_awakened_eye, nicolae_tso_besieged_by_evil
D:4:      layout_loops_ring, gammafunk_ghost_mausoleum, minmay_misc_feat_square,
          chequers_hall_statues_y, minmay_pentangle
D:5:      layout_basic, kennysheep_little_box, kiku_gazebo_pond_becter,
          minmay_small_thing, uniq_pikel

Skill      XL: |  1  2  3  4  5  6  7 |
---------------+----------------------+-----
Short Blades   | 2 3 5 6 |  6.1
Long Blades    | 2 5 |  5.4
Fighting       | |  2.6
Armour         | |  2.4
Shields        | |  2.6

Action                     |  1- 3 |  4- 6 |  7- 9 || total
---------------------------+-------+-------+-------++-------
  Melee: Rapier            |    63 |    90 |       ||   153
         Bite              |    17 |    49 |    31 ||    97
         Dagger            |       |    71 |   108 ||   179
   Stab: Sleeping          |       |     4 |     1 ||     5
 Armour: Scale mail        |    34 |       |       ||    34
         Ring mail         |     5 |    78 |    59 ||   142
  Dodge: Dodged            |    26 |    54 |    29 ||   109
  Block: Buckler           |    11 |    37 |    14 ||    62

Table legend: (Time is in decaauts)
 A = Elapsed time spent in this place.
 B = Non-inter-level travel time spent in this place.
 C = Inter-level travel time spent in this place.
 D = Time resting spent in this place.
 E = Time spent auto-exploring this place.
 F = Levels seen in this place.
 G = Mean time per level.
                   A        B        C        D        E       F      G
               +--------+--------+--------+--------+--------+-----+--------+
         Total |   3274 |   2892 |    382 |      0 |   2286 |   5 |  654.8 |
       Dungeon |   3274 |   2892 |    382 |      0 |   2286 |   5 |  654.8 |
               +--------+--------+--------+--------+--------+-----+--------+

Top non-repeatable levels by time:
     D:4: 1031 daAuts
     D:2: 757 daAuts
     D:3: 627 daAuts
     D:1: 540 daAuts
     D:5: 318 daAuts
